AoeStats
← 초콜릿좋아

Arena

509377523Analyzed
3v3 RM · 6d ago on Sep 26, 2026· 73m 6s· 6 players
Game mode
Random Map
Map size
Normal (6 player)
Population
200
Speed
Normal
Resources
Standard
Victory
Conquest
Starting age
Dark Age
Ending age
Imperial Age
RankedLock teamsTeams togetherTeam positionsShared explorationLock speedFull tech treeHidden civsTurbo modeCheats
Victory
Defeat
🇮🇹 Celts · Italy
610
+14
🇺🇸 Malians · United States
553
+16
🇰🇷 Danes · South Korea
527
+17
🇷🇴 Danes · Romania
572
-16
🇷🇴 Georgians · Romania
556
-16
🇷🇴 Britons · Romania
529
-15
King_David20117
17:17 Feudal Age
18:18 Horse Collar
18:28 Double-Bit Axe
18:33 Gold Mining
18:34 Stone Mining
21:41 Forging
21:37 Scale Barding Armor
23:47 Castle Age
27:36 Bow Saw
28:13 Iron Casting
27:59 Chain Barding Armor
27:58 Loom
28:37 Heavy Plow
29:18 Stone Shaft Mining
31:12 Wheelbarrow
30:23 Town Watch
34:01 Imperial Age
32:31 Town Patrol
32:50 Hand Cart
32:48 Town Patrol
35:36 Elite Monaspa
43:42 Blast Furnace
45:46 Plate Barding Armor
48:20 Pikeman
52:06 Crop Rotation
51:08 Halberdier
The Answer
17:58 Feudal Age
19:31 Wheelbarrow
18:44 Horse Collar
18:56 Gold Mining
18:56 Stone Mining
18:54 Double-Bit Axe
19:15 Man-at-Arms
24:45 Castle Age
24:29 Scale Mail Armor
25:02 Forging
27:18 Hand Cart
28:05 Gambesons
27:47 Long Swordsman
30:38 Yeomen
30:27 Padded Archer Armor
30:18 Fletching
32:26 Ballistics
34:41 Iron Casting
34:22 Chain Mail Armor
34:04 Bodkin Arrow
34:42 Leather Archer Armor
35:35 Caravan
40:02 Imperial Age
39:19 Squires
44:10 Elite Longbowman
47:23 Chemistry
50:14 Two-Handed Swordsman
51:33 Champion
51:43 Champion
WAxlRose23
12:37 Feudal Age
14:11 Double-Bit Axe
14:09 Horse Collar
20:17 Castle Age
19:51 Forging
19:43 Scale Mail Armor
21:45 Bow Saw
21:40 Heavy Plow
24:14 Squires
26:22 Iron Casting
26:02 Chain Mail Armor
28:04 Ballistics
29:38 Wheelbarrow
31:35 Imperial Age
31:05 Loom
32:37 Gold Mining
32:38 Stone Mining
33:55 Chemistry
34:14 Elite Varangian Guard
34:42 Arson
36:14 Stone Shaft Mining
36:14 Gold Shaft Mining
36:18 Hand Cart
40:37 Caravan
41:08 Coinage
42:20 Hamask
42:24 Northmen's Fury
42:29 Heavy Scorpion
45:35 Elite Jomsviking
58:46 Plate Mail Armor
58:23 Scale Barding Armor
59:38 Blast Furnace
MOSTLY STANK
11:55 Feudal Age
12:27 Horse Collar
12:35 Double-Bit Axe
12:45 Stone Mining
20:23 Castle Age
18:40 Scale Mail Armor
18:47 Gold Mining
21:14 Heavy Plow
21:37 Bow Saw
23:46 Stone Shaft Mining
25:26 Gold Shaft Mining
25:32 Wheelbarrow
25:18 Fortified Wall
26:09 Caravan
26:31 Treadmill Crane
27:59 Hand Cart
29:41 Town Watch
33:01 Imperial Age
32:56 Chain Mail Armor
34:40 Crop Rotation
36:40 Arson
36:20 Elite Gbeto
38:35 Plate Mail Armor
38:19 Forging
41:55 Iron Casting
42:00 Conscription
71:37 Hoardings
초콜릿좋아
12:25 Feudal Age
13:48 Wheelbarrow
13:03 Double-Bit Axe
13:02 Horse Collar
17:07 Arson
18:30 Gold Mining
21:27 Castle Age
21:04 Forging
21:00 Scale Mail Armor
22:27 Hand Cart
22:25 Bow Saw
22:21 Heavy Plow
23:27 Iron Casting
23:49 Squires
23:35 Gambesons
27:01 Gold Shaft Mining
27:15 Chain Mail Armor
29:57 Fletching
30:45 Coinage
31:00 Bodkin Arrow
31:21 Stone Mining
40:24 Imperial Age
37:45 Hamask
42:48 Blast Furnace
42:19 Plate Mail Armor
42:26 Banking
43:13 Elite Varangian Guard
45:24 Caravan
46:22 Bracer
57:21 Heated Shot
57:33 Heated Shot
58:04 Ballistics
58:45 Chemistry
60:08 Siege Engineers
62:17 Padded Archer Armor
salvo.anfuso
5:02 Loom
11:14 Feudal Age
23:13 Castle Age
22:11 Double-Bit Axe
22:13 Horse Collar
23:20 Gold Mining
24:45 Caravan
25:16 Coinage
27:44 Wheelbarrow
28:49 Town Watch
36:22 Imperial Age
35:07 Scale Barding Armor
35:04 Scale Mail Armor
35:05 Padded Archer Armor
36:32 Forging
36:13 Fletching
36:21 Crossbowman
37:49 Banking
37:36 Bow Saw
37:31 Heavy Plow
38:47 Onager
40:01 Leather Archer Armor
39:42 Bodkin Arrow
40:24 Iron Casting
40:11 Hand Cart
40:59 Heavy Scorpion
44:10 Elite Woad Raider
45:29 Guilds
45:59 Ring Archer Armor
45:50 Chain Barding Armor
45:47 Chain Mail Armor
50:10 Furor Celtica
Connection lost

Rejoining the realm…

Still unreachable

The connection could not be restored.

Session expired

The server has moved on; the page needs a fresh start.